 Dungeon Crawl Stone Soup version 0.20.1-1-g8b1a95d (webtiles) character file.

279 Schiappus the Chopper (level 6, 0/52 HPs)
             Began as a Draconian Berserker on Sept 10, 2017.
             Was a Believer of Trog.
             Succumbed to a worker ant's poison
             ... on level 4 of the Dungeon.
             The game lasted 00:10:51 (2101 turns).

Schiappus the Chopper (Draconian Berserker)         Turns: 2101, Time: 00:10:52

Health: 0/52       AC:  6    Str: 20    XL:     6   Next: 5%
Magic:  6/6        EV: 13    Int:  8    God:    Trog [**....]
Gold:   104        SH:  0    Dex: 11    Spells: 5/5 levels left

rFire    . . .     SeeInvis .   p - +7 club
rCold    . . .     Gourm    .   (no shield)
rNeg     . . .     Faith    .   (armour unavailable)
rPois    .         Spirit   .   (helmet restricted)
rElec    .         Reflect  .   (no cloak)
rCorr    .         Harm     .   (no gloves)
MR       .....                  (no boots)
Stlth    ++........             j - amulet of regeneration
Regen    0.6/turn               c - ring of flight
MPRegen  0.1/turn               (no ring)

@: lethally poisoned (0 -> -3)
A: unfitting armour, cold-blooded, AC +6
a: Berserk, Trog's Hand, Burn Spellbooks, Renounce Religion, Evoke Flight


You were on level 4 of the Dungeon.
You worshipped Trog.
Trog was pleased with you.
You were not hungry.

You visited 1 branch of the dungeon, and saw 4 of its levels.

You collected 104 gold pieces.

Inventory:

Hand Weapons
 a - a +0 hand axe
 p - a +7 club (weapon)
Jewellery
 c - a ring of flight (left hand)
 j - an amulet of regeneration (around neck)
Scrolls
 e - a scroll of fog
 h - a scroll of remove curse
 k - a scroll of fear
 m - a scroll of teleportation
Potions
 g - a potion of brilliance
 n - a potion of agility
Books
 f - a book of Cantrips

   Spells                             Type                      Level
   a - Confusing Touch                Hexes                        1
   b - Animate Skeleton               Necromancy                   1
   c - Summon Small Mammal            Summoning                    1
   d - Apportation                    Translocation                1
   Trog disapproves of the use of such an item.
Comestibles
 b - 2 bread rations
 d - 3 meat rations
 i - 3 royal jellies


   Skills:
 + Level 4.2 Fighting
 + Level 4.5(4.6) Axes
 + Level 1.0(3.0) Maces & Flails
 + Level 4.2 Dodging
 + Level 1.8 Stealth


You had 5 spell levels left.
You didn't know any spells.

Dungeon Overview and Level Annotations

Branches:
Dungeon (4/15)
 Temple: D:4-7

Altars:

Annotations:
D:4 vatarom's ghost, amateur DrAE


Innate Abilities, Weirdness & Mutations

Your plain brown scales are hard. (AC +6)
You cannot fit into any form of body armour.
You are cold-blooded and may be slowed by cold attacks.


Message History

You feel sick. The worker ant closely misses you.
Vatarom's ghost hits you but does no damage.
You hit vatarom's ghost.
Vatarom's ghost is severely damaged.
You feel sick. The worker ant closely misses you.
Vatarom's ghost points at you and mumbles some strange words.
The zap hits you!
* * * LOW HITPOINT WARNING * * *
The worker ant bites you.
* * * LOW HITPOINT WARNING * * *
You are lethally poisoned!
The worker ant poisons you!
You barely miss the worker ant.
* * * LOW HITPOINT WARNING * * *
You feel sick. The worker ant bites you.
* * * LOW HITPOINT WARNING * * *
Vatarom's ghost hits you but does no damage.
You hit vatarom's ghost.
Vatarom's ghost is severely damaged.
You die...

.#########.## #.# #####
....#... ...###.###
.##.#.####.......?#
###.........###.#.#
#.##.##.#.##....#
...#.#.#.#.#.<...##
##...###...........#
#..# #.#..........#
#..##.##.#.....@W.#
#.........#.....a.......
[.#.#..####.##....##.###
... #. ...###.#.# # # #
##### #.#.# ....# .....
.....#


You could see a worker ant and vatarom's ghost.

Vanquished Creatures
  A scorpion (D:4)
  A gnoll shaman (D:4)
  Ijyb (D:3)
  A bullfrog skeleton (D:3)
  4 adders
  5 gnolls (D:4)
  3 dart slugs
  4 leopard geckos
  4 giant cockroaches (D:2)
  7 goblins
  7 hobgoblins
  A quokka (D:2)
  A ball python (D:2)
  7 bats
  6 frilled lizards
  A jackal skeleton (D:4)
  4 kobolds
  4 rats (D:1)
62 creatures vanquished.

Notes
Turn   | Place    | Note
-------+----------+-------------------------------------------
     0 | D:1      | Schiappus the Draconian Berserker began the quest for the Orb.
     0 | D:1      | Reached XP level 1. HP: 19/19 MP: 1/1
    45 | D:1      | Reached XP level 2. HP: 16/26 MP: 2/2
   515 | D:2      | Reached XP level 3. HP: 11/31 MP: 3/3
   565 | D:2      | Reached ** piety under Trog
  1384 | D:3      | Reached XP level 4. HP: 40/40 MP: 4/4
  1564 | D:3      | Noticed Ijyb
  1564 | D:3      | Paralysed by Ijyb for 4 turns
  1581 | D:3      | Paralysed by Ijyb for 7 turns
  1596 | D:3      | Killed Ijyb
  1810 | D:3      | Reached skill level 1 in Stealth
  1810 | D:3      | Reached XP level 5. HP: 32/46 MP: 5/5
  2008 | D:4      | Reached XP level 6. HP: 11/52 MP: 6/6
  2011 | D:4      | Reached skill level 1 in Maces & Flails
  2082 | D:4      | Noticed vatarom's ghost (amateur DrAE)
  2100 | D:4      | HP: 1/52 [worker ant (2)]
  2101 | D:4      | Succumbed to a worker ant's poison

Skill      XL: |  1  2  3  4  5  6 |
---------------+-------------------+-----
Dodging        | 3 4 |  4.2
Fighting       | 4 |  4.2
Axes           | 4 |  4.5
Stealth        | 1 |  1.8
Maces & Flails | 1 |  1.0

Action                   |  1- 3 |  4- 6 || total
-------------------------+-------+-------++-------
Melee: Hand axe          |   160 |    37 ||   197
       Tailslap          |    14 |    15 ||    29
       Club              |       |    64 ||    64
  Use: Scroll            |     4 |     4 ||     8
       Potion            |     6 |     5 ||    11
 Stab: Sleeping          |     2 |       ||     2
  Eat: Bread ration      |     1 |       ||     1
Armor: Skin              |    41 |    28 ||    69
Dodge: Dodged            |   132 |    65 ||   197
